 Dungeon Crawl Stone Soup version 0.23-a0-636-g0ff6057 (webtiles) character file.

609 Leeroy the Slasher (level 7, 0/55 HPs)
             Began as a Pale Draconian Skald on Dec 28, 2018.
             Was an Initiate of Okawaru.
             Succumbed to a worker ant's poison
             ... on level 5 of the Dungeon.
             The game lasted 00:13:48 (4988 turns).

Leeroy the Slasher (Pale Draconian Skald)           Turns: 4988, Time: 00:13:48

Health: 0/55       AC:  8    Str: 13    XL:     7   Next: 19%
Magic:  10/10      EV: 13    Int: 15    God:    Okawaru [......]
Gold:   233        SH:  0    Dex: 11    Spells: 2/10 levels left

rFire    . . .     SeeInvis .   a - +0 falchion
rCold    . . .     Gourm    .   (no shield)
rNeg     . . .     Faith    .   (armour unavailable)
rPois    .         Spirit   .   (helmet restricted)
rElec    .         Reflect  .   (no cloak)
rCorr    .         Harm     .   (no gloves)
MR       .....                  f - +1 pair of boots
Stlth    +.........             (no amulet)
HPRegen  0.18/turn              (no ring)
MPRegen  0.12/turn              (no ring)

@: lethally poisoned (0 -> -2), short of breath
A: breathe steam, unfitting armour, cold-blooded, AC +6
a: Breathe Steam, Renounce Religion


You were on level 5 of the Dungeon.
You worshipped Okawaru.
Okawaru was noncommittal.
You were not hungry.

You visited 2 branches of the dungeon, and saw 6 of its levels.

You collected 233 gold pieces.

Inventory:

Hand Weapons
 a - a +0 falchion (weapon)
 e - a +0 short sword
 g - a +0 hand axe
 i - a +0 flail
 n - a +0 rapier
 p - a +0 mace
 q - a +0 hunting sling
 r - a +0 spear
 v - a +0 whip
 x - a +0 mace
 A - a +0 dagger
 B - a +0 spear
 E - a +0 trident
Missiles
 d - 117 stones (quivered)
 s - 35 poisoned needles
 u - 71 bolts
 y - 56 arrows
 K - 5 tomahawks of dispersal
Armour
 f - a +1 pair of boots (worn)
Jewellery
 o - a +1 ring of protection {unknown}
Wands
 C - a wand of iceblast (10)
Scrolls
 b - a scroll of teleportation {unknown}
 h - a scroll of remove curse {unknown}
 l - a scroll of noise {unknown}
 t - a scroll of enchant weapon {unknown}
 z - a scroll of random uselessness {unknown}
 D - a scroll of blinking {unknown}
 I - a scroll of amnesia {unknown}
 J - a scroll of magic mapping {unknown}
Potions
 j - a potion of curing {unknown}
 k - a potion of might {unknown}
 m - a potion of ambrosia {unknown}
 w - a potion of resistance {unknown}
 L - a potion of degeneration {unknown}
Comestibles
 c - 6 rations
 F - a chunk of flesh


   Skills:
 - Level 2.1 Fighting
 + Level 7.3 Long Blades
 + Level 2.9 Dodging
 - Level 2.0 Spellcasting
 * Level 1.8 Hexes
 - Level 2.6 Charms


You had 2 spell levels left.
You knew the following spells:

 Your Spells              Type           Power        Failure   Level  Hunger
a - Infusion              Chrm           #...         8%          1    #......
b - Spectral Weapon       Hex/Chrm       #.......     26%         3    ###....
c - Regeneration          Chrm/Necr      #.........   36%         3    ###....
d - Pain                  Necr           #...         22%         1    #......

Your spell library contained the following spells:

 Spells                   Type           Power        Failure   Level  Hunger
 Song of Slaying          Chrm           #.......     11%         2    ###....
 Shroud of Golubria       Chrm/Tloc      #.........   19%         2    ###....
 Animate Skeleton         Necr           N/A          22%         1    #......
 Apportation              Tloc           #.....       22%         1    #......
 Summon Butterflies       Summ           #.......     22%         1    #......
 Tukima's Dance           Hex            #.......     30%         3    ###....
 Lesser Beckoning         Tloc           #.........   54%         3    ###....
 Vampiric Draining        Necr           #.........   54%         3    ###....
 Animate Dead             Necr           N/A          91%         4    #####..
 Alistair's Intoxication  Tmut/Pois      #.......     99%         5    ######.
 Invisibility             Hex            #.......     100%        6    #######


Dungeon Overview and Level Annotations

Branches:
Dungeon (5/15)             Temple (1/1) D:5

Altars:
Ashenzari
Cheibriados
Dithmenos
Elyvilon
Fedhas
Gozag
Hepliaklqana
Kikubaaqudgha
Makhleb
Nemelex Xobeh
Okawaru
Qazlal
Ru
Trog
Uskayaw
Vehumet
Wu Jian
Xom
Yredelemnul
Zin
The Shining One

Annotations:
D:4 3 runed doors, Matador8's ghost, amateur MfAK


Innate Abilities, Weirdness & Mutations

You can breathe blasts of scalding, opaque steam.
Your pale cyan-grey scales are hard. (AC +6)
You cannot fit into any form of body armour.
You are cold-blooded and may be slowed by cold attacks.


Message History

You feel sick. The worker ant barely misses you.
The centaur is engulfed in a cloud of scalding steam.
The centaur closely misses you.
You riposte.
You barely miss the centaur.
The centaur is almost dead.
Unknown command.
You barely miss the centaur.
The centaur is almost dead.
The worker ant bites you but does no damage.
The centaur is engulfed in a cloud of scalding steam.
You kill the centaur!
Okawaru accepts your kill. The worker ant barely misses you.
You hit the worker ant but do no damage.
The worker ant is heavily wounded.
The worker ant bites you but does no damage.
Unknown command.
You hit the worker ant but do no damage.
You tail-slap the worker ant, but do no damage.
The worker ant is heavily wounded.
You die...

....... .
........ ...
...$.
...##+#.#.##
....#<.....#
#..#.#.#.## .
#.........##.. .
#...#)8.#...#
....#.a@....#...
#[.#...8(>.8...#
#....#...(...#...
#......#.8.#.....
##..............
###..!#.#(####.
##.%....#
#...#.## ##.. .#


You could see a worker ant.

Vanquished Creatures
  An ogre (D:4)
  A centaur (D:5)
  A scorpion (D:3)
  2 hounds
  2 orc priests
  An orc wizard (D:4)
  Ijyb (D:3)
  3 worker ants
  3 adders
  An ooze (D:4)
  4 worms
  3 dart slugs
  6 leopard geckos
  12 orcs
  4 bats
  5 giant cockroaches
  7 goblins
  6 hobgoblins
  4 jackals (D:2)
  11 kobolds
  A quokka (D:3)
  7 frilled lizards
  A jackal skeleton (D:4)
  10 rats
97 creatures vanquished.

Vanquished Creatures (others)
  A spectral weapon (D:3)
1 creature vanquished.

Grand Total: 98 creatures vanquished

Notes
Turn   | Place    | Note
-------+----------+-------------------------------------------
     0 | D:1      | Leeroy the Draconian Skald began the quest for the Orb.
     0 | D:1      | Reached XP level 1. HP: 17/17 MP: 3/3
   603 | D:1      | Reached XP level 2. HP: 20/24 MP: 5/5
   716 | D:1      | Reached skill level 3 in Long Blades
  1423 | D:2      | Reached XP level 3. HP: 26/29 MP: 6/6
  1628 | D:2      | Reached skill level 4 in Long Blades
  1979 | D:3      | Reached XP level 4. HP: 36/36 MP: 7/7
  2181 | D:3      | Learned a level 3 spell: Spectral Weapon
  2185 | D:3      | Learned a level 3 spell: Regeneration
  2228 | D:3      | Reached skill level 5 in Long Blades
  2332 | D:3      | Reached XP level 5. HP: 37/41 MP: 8/8
  2439 | D:3      | HP: 1/41 [scorpion (8)]
  2967 | D:3      | Noticed Ijyb
  2983 | D:3      | Killed Ijyb
  2983 | D:3      | Reached skill level 6 in Long Blades
  3114 | D:3      | Reached XP level 6. HP: 47/48 MP: 5/9
  3952 | D:4      | Got a bloodstained leather armour
  3962 | D:4      | Found a runed gate.
  3962 | D:4      | Found a runed gate.
  3971 | D:4      | Reached skill level 1 in Hexes
  4067 | D:4      | Learned a level 1 spell: Pain
  4075 | D:4      | Found a runed gate.
  4080 | D:4      | Found an opulent altar of Gozag.
  4081 | D:4      | Noticed Matador8's ghost (amateur MfAK)
  4195 | D:4      | Reached skill level 7 in Long Blades
  4447 | D:4      | Identified the +1 leather armour of Eppidifi {Int+5} (You
                  | found it on level 4 of the Dungeon)
  4618 | D:5      | Entered Level 5 of the Dungeon
  4618 | D:5      | Found a staircase to the Ecumenical Temple.
  4625 | Temple   | Entered the Ecumenical Temple
  4905 | Temple   | Became a worshipper of Warmaster Okawaru
  4958 | Temple   | Your scales start taking on a pale cyan-grey colour.
  4958 | Temple   | Reached XP level 7. HP: 33/55 MP: 10/10
  4984 | D:5      | HP: 2/55 [centaur (2)]
  4988 | D:5      | Succumbed to a worker ant's poison

Vault maps used:
D:1:      psy_arrival_spokes
D:2:      first_ration, minmay_strange_pillars
D:3:      supply_closet_lemuel, uniq_ijyb
D:4:      ebering_ghost_gozag
D:5:      minmay_temple_entry_sparse_star, minivault_24, kennysheep_diamond,
          uniq_sigmund
Temple:   regret_index_temple_sigil_plot

Skill      XL: |  1  2  3  4  5  6 |
---------------+-------------------+-----
Long Blades    | 3 4 5 6 7 |  7.3
Hexes          | 1 |  1.8
Fighting       | |  2.1
Dodging        | |  2.9
Spellcasting   | |  2.0
Charms         | |  2.6

Action                   |  1- 3 |  4- 6 |  7- 9 || total
-------------------------+-------+-------+-------++-------
Melee: Falchion          |   116 |   230 |    13 ||   359
       Tailslap          |    10 |    36 |     3 ||    49
Throw: Stone             |       |     2 |       ||     2
 Cast: Spectral Weapon   |       |     5 |       ||     5
       Infusion          |       |     5 |       ||     5
       Regeneration      |       |     1 |       ||     1
       Pain              |       |     2 |       ||     2
 Abil: Breathe Steam     |       |       |     2 ||     2
  Use: Potion            |       |     2 |       ||     2
       Scroll            |       |     3 |       ||     3
 Stab: Sleeping          |     1 |       |       ||     1
  Eat: Chunk             |     4 |     9 |       ||    13
       Ration            |       |     1 |       ||     1
Armor: Skin              |    25 |    74 |     5 ||   104
Dodge: Dodged            |    90 |   144 |    17 ||   251
       Rpst.: Falchion   |    28 |    44 |     5 ||    77

Table legend:
 A = Non-vault XP
 B = Vault XP
 C = Vault XP percentage of total XP
 D = Non-vault monster count
 E = Vault monster count
 F = Vault count percentage of total count
                 A         B        C        D         E       F
            +---------+---------+-------+---------+---------+-------
      Total |     835 |      36 |   4.1 |      96 |       1 |   1.0
            +---------+---------+-------+---------+---------+-------
        D:1 |      39 |       0 |   0.0 |      22 |       0 |   0.0
        D:2 |      57 |       0 |   0.0 |      23 |       0 |   0.0
        D:3 |     270 |      36 |  11.8 |      33 |       1 |   2.9
        D:4 |     316 |       0 |   0.0 |      16 |       0 |   0.0
        D:5 |     110 |       0 |   0.0 |       1 |       0 |   0.0
     Temple |      43 |       0 |   0.0 |       1 |       0 |   0.0
            +---------+---------+-------+---------+---------+-------
